 Dungeon Crawl Stone Soup version 0.26-a0-8-gc4d20be (webtiles) character file.

Game seed: 10604156078286633938, levelgen mode: deterministic

709 thirtiethelement the Cutter (level 7, -7/55 HPs)
             Began as a Demonspawn Abyssal Knight on May 24, 2020.
             Was a Priest of Lugonu.
             Mangled by an orc warrior
             ... wielding a +0 war axe
              (17 damage)
             ... on level 5 of the Dungeon.
             The game lasted 00:23:23 (3974 turns).

thirtiethelement the Cutter (DsAK)                  Turns: 3974, Time: 00:23:24

Health: -7/55      AC:  7    Str: 13    XL:     7   Next: 40%
Magic:  9/9        EV: 12    Int: 13    God:    Lugonu [***...]
Gold:   40         SH:  0    Dex: 14    Spells: 6/6 levels left

rFire    . . .     SeeInvis +   f - +6 rapier of Aximuyko {freeze, +Inv}
rCold    . . .     Gourm    .   (no shield)
rNeg     . . .     Faith    +   e - +2 leather armour "Fottitu" {SInv}
rPois    +         Spirit   .   (helmet restricted)
rElec    .         Reflect  .   (no cloak)
rCorr    .         Harm     .   (no gloves)
MR       .....                  (no boots)
Stlth    +.........             r - amulet of faith
HPRegen  0.18/turn              d - ring of poison resistance
MPRegen  0.11/turn              (no ring)

@: no status effects
A: antennae 1, yellow scales 1, foul stench 1, rot immunity
a: Depart the Abyss, Bend Space, Banish, Renounce Religion, Evoke Invisibility


You were on level 5 of the Dungeon.
You worshipped Lugonu.
Lugonu was most pleased with you.
You were not hungry.

You visited 1 branch of the dungeon, and saw 5 of its levels.
You visited the Abyss 1 time.

You collected 144 gold pieces.
You spent 104 gold pieces at shops.

Inventory:

Hand Weapons
 a - a +1 falchion
 f - the +6 rapier of Aximuyko (weapon) {freeze, +Inv}
   (You found it on level 4 of the Abyss)

   It has been specially enchanted to freeze those struck by it, causing extra
   injury to most foes and up to half again as much damage against particularly
   susceptible opponents.
   It can also slow down cold-blooded creatures.
   It lets you turn invisible.
Missiles
 m - a throwing net
 o - 7 boomerangs (quivered)
Armour
 e - the +2 leather armour "Fottitu" (worn) {SInv}
   (You found it on level 2 of the Abyss)

   It lets you see invisible.
Magical Staves
 q - an uncursed staff of death {unknown}
Jewellery
 d - a ring of poison resistance (left hand)
 r - an amulet of faith (around neck)
Wands
 s - a wand of disintegration (15)
Scrolls
 i - a scroll of remove curse
 j - 2 scrolls of fear
 l - a scroll of enchant armour
 n - 5 scrolls of identify
 p - a scroll of magic mapping
Potions
 b - a potion of lignification {unknown}
 g - a potion of berserk rage {unknown}
 h - a potion of flight {unknown}
 k - 3 potions of haste {unknown}
Comestibles
 c - 6 rations


   Skills:
 + Level 4.6 Fighting
 + Level 5.5(5.7) Short Blades
 + Level 1.9(4.0) Long Blades
 + Level 2.8 Armour
 + Level 1.8 Dodging
 + Level 0.8 Stealth
 + Level 3.0 Invocations


You had 6 spell levels left.
You didn't know any spells.
Your spell library was empty.

Dungeon Overview and Level Annotations

Branches:
Dungeon (5/15)
 Temple: D:4-7

Altars:
Gozag

Shops:
D:4 (?=?


Innate Abilities, Weirdness & Mutations

You have a pair of small antennae on your head.
You are partially covered in yellow scales. (AC +2)
You may emit foul miasma when damaged in melee.
You are immune to rotting.


Message History

You hit the orc warrior but do no damage.
The orc warrior hits you with a +0 war axe!
You emit a cloud of foul miasma!
The phantom blinks!
The orc warrior is engulfed in dark miasma.
The orc warrior is poisoned.
You see here an orc corpse.
Throwing (i - inventory. (/) - cycle)
o - 7 boomerangs (quivered)
Press: ? - help, Shift-Dir - straight line, f - orc warrior
Aim: an orc warrior, wielding a +0 war axe and wearing a +0 plate armour (moderately wounded, poisoned)
You throw a boomerang.
The boomerang closely misses the orc warrior.
The orc warrior closely misses you.
You hit the orc warrior. You freeze the orc warrior.
The orc warrior is heavily wounded.
The orc warrior hits you with a +0 war axe!
* * * LOW HITPOINT WARNING * * *
The orc warrior looks more healthy.
There is a stone staircase leading up here.
The orc warrior hits you with a +0 war axe!
You die...

#...##†###(=.....
# ##.## #.#####
#.## #.## #.# ).)
#.## .### ##.##
.# ##W###.#
##.o..# #).@.##
#..###.# #.# #.#
#. ..# # .# .# ?
..


You could see a phantom and an orc warrior.

Vanquished Creatures
  A necrophage (D:5)
  2 ogres
  A scorpion (D:4)
  A howler monkey (D:4)
  An orc priest (D:4)
  2 iguanas (D:4)
  A bullfrog skeleton (D:4)
  An orc wizard (D:3)
  Robin (D:2)
  3 gnolls (D:2)
  A howler monkey skeleton (D:4)
  5 adders
  An ooze (D:3)
  An adder skeleton (D:4)
  5 worms
  3 dart slugs
  2 leopard geckos
  12 orcs
  4 giant cockroaches
  20 goblins
  9 hobgoblins
  9 kobolds
  2 quokkas
  3 ball pythons
  6 bats
  5 frilled lizards
  A jackal skeleton (D:4)
  A quokka skeleton (D:4)
  11 rats
115 creatures vanquished.

Notes
Turn   | Place    | Note
-------+----------+-------------------------------------------
     0 | Abyss:1  | thirtiethelement the Demonspawn Abyssal Knight began the
                  | quest for the Orb.
     0 | Abyss:1  | Reached XP level 1. HP: 18/18 MP: 2/2
    25 | Abyss:1  | Found a corrupted altar of Lugonu.
    48 | Abyss:2  | Noticed a small abomination
    56 | Abyss:2  | Got a pitted leather armour
    84 | Abyss:4  | Got a steaming rapier
    85 | D:1      | Escaped the Abyss
    86 | D:1      | Identified the +6 rapier of Aximuyko {freeze, +Inv} (You
                  | found it on level 4 of the Abyss)
    97 | D:1      | Identified the +2 leather armour "Fottitu" {SInv} (You
                  | found it on level 2 of the Abyss)
   195 | D:1      | Reached * piety under Lugonu
   324 | D:1      | Gained mutation: You are immune to rotting. [demonic
                  | ancestry]
   324 | D:1      | Reached XP level 2. HP: 21/24 MP: 4/4
   978 | D:2      | Noticed Robin
   983 | D:2      | Gained mutation: You may emit foul miasma when damaged in
                  | melee. [demonic ancestry]
   983 | D:2      | Reached XP level 3. HP: 26/29 MP: 5/5
   992 | D:2      | Reached ** piety under Lugonu
  1003 | D:2      | Killed Robin
  1009 | D:2      | Reached skill level 1 in Short Blades
  1317 | D:2      | Found a faded altar of an unknown god.
  1380 | D:2      | Gained mutation: You are partially covered in yellow
                  | scales. (AC +2) [demonic ancestry]
  1380 | D:2      | Reached XP level 4. HP: 37/37 MP: 6/6
  1546 | D:2      | Reached skill level 1 in Dodging
  1553 | D:2      | Reached skill level 2 in Short Blades
  2210 | D:3      | Reached XP level 5. HP: 42/42 MP: 7/7
  2437 | D:3      | Reached skill level 3 in Short Blades
  2440 | D:3      | Reached *** piety under Lugonu
  2881 | D:3      | Noticed an ogre
  2890 | D:3      | Killed an ogre
  2890 | D:3      | Reached XP level 6. HP: 42/49 MP: 8/8
  3060 | D:4      | Found Qisahap's Magic Scroll Shop.
  3069 | D:4      | Bought a scroll of identify for 26 gold pieces
  3069 | D:4      | Bought a scroll of identify for 26 gold pieces
  3069 | D:4      | Bought a scroll of identify for 26 gold pieces
  3069 | D:4      | Bought a scroll of identify for 26 gold pieces
  3097 | D:4      | Reached skill level 4 in Short Blades
  3290 | D:4      | Found an opulent altar of Gozag.
  3373 | D:4      | Found Coliamaj's Magic Scroll Boutique.
  3439 | D:4      | Found Wesod's Weapon Shoppe.
  3466 | D:4      | Reached skill level 5 in Short Blades
  3466 | D:4      | Gained mutation: You have a pair of small antennae on your
                  | head. [demonic ancestry]
  3466 | D:4      | Reached XP level 7. HP: 51/55 MP: 9/9
  3802 | D:4      | Found Baphor's Jewellery Emporium.
  3921 | D:5      | Entered Level 5 of the Dungeon
  3974 | D:5      | Mangled by an orc warrior

Illustrated notes

Levels and vault maps discovered:
D:1:      dpeg_arrival_morbid_curiosity, layout_loops_ring
D:2:      layout_basic, chequers_ecumenical_altar_lobes, uniq_robin
D:3:      layout_basic
D:4:      layout_loops_ring, first_ration, serial_shops, kennysheep_mini, shop,
          kennysheep_mini_moat, nicolae_shop_stone, nicolae_gozag_seed_capital
D:5:      layout_loops_ring, riverfiend_overflow_shadow_ancestor,
          chequers_temple_overflow_statue_of_worship,
          nemelex_diamond_rough_becter

Skill      XL: |  1  2  3  4  5  6 |
---------------+-------------------+-----
Armour         | 2 |  2.8
Invocations    | 3 |  3.0
Short Blades   | 1 2 3 5 |  5.5
Dodging        | 1 |  1.8
Fighting       | 4 |  4.6
Long Blades    | |  1.9
Stealth        | |  0.8

Action                   |  1- 3 |  4- 6 |  7- 9 || total
-------------------------+-------+-------+-------++-------
Melee: Rapier            |    70 |   164 |    27 ||   261
Throw: Boomerang         |       |     1 |     1 ||     2
Invok: Depart the Abyss  |     1 |       |       ||     1
  Use: Scroll            |     3 |     4 |       ||     7
 Stab: Sleeping          |     1 |       |       ||     1
  Eat: Ration            |     1 |     2 |       ||     3
Armor: Leather armour    |    33 |    57 |     6 ||    96
Dodge: Dodged            |    59 |    97 |     9 ||   165
       Rpst.: Falchion   |     1 |       |       ||     1

Table legend:
 A = Non-vault XP
 B = Vault XP
 C = Vault XP percentage of total XP
 D = Non-vault monster count
 E = Vault monster count
 F = Vault count percentage of total count
                 A         B        C        D         E       F
            +---------+---------+-------+---------+---------+-------
      Total |     968 |      45 |   4.4 |      98 |      17 |  14.8
            +---------+---------+-------+---------+---------+-------
        D:1 |      27 |      10 |  27.0 |      18 |       5 |  21.7
        D:2 |     107 |      35 |  24.6 |      27 |      12 |  30.8
        D:3 |     254 |       0 |   0.0 |      31 |       0 |   0.0
        D:4 |     328 |       0 |   0.0 |      18 |       0 |   0.0
        D:5 |     252 |       0 |   0.0 |       4 |       0 |   0.0
            +---------+---------+-------+---------+---------+-------
